 Dungeon Crawl Stone Soup version 0.22-a0-430-g6609fc6 (webtiles) character file.

3927 inmateoo the Basher (level 10, -1/88 HPs)
             Began as a Centaur Air Elementalist on May 26, 2018.
             Was an Elder of Wu Jian.
             Shot with a sling bullet by Joseph (13 damage)
             ... on level 7 of the Dungeon.
             The game lasted 00:15:16 (9799 turns).

inmateoo the Basher (Centaur Air Elementalist)      Turns: 9799, Time: 00:15:16

Health: -1/88      AC:  7    Str: 11    XL:     10   Next: 1%
Magic:  12/12      EV: 12    Int: 14    God:    Wu Jian [****..]
Gold:   299        SH:  0    Dex: 13    Spells: 6/12 levels left

rFire    . . .     SeeInvis .   x - +0 shortbow
rCold    + . .     Gourm    .   (shield currently unavailable)
rNeg     . . .     Faith    .   u - +2 robe {rC+}
rPois    .         Spirit   .   n - +0 helmet
rElec    .         Reflect  .   (no cloak)
rCorr    .         Harm     .   (no gloves)
MR       .....                  (no barding)
Stlth    +.........             z - amulet of magic regeneration
HPRegen  0.24/turn              (no ring)
MPRegen  0.38/turn              (no ring)

@: very quick
A: large, hooves 3, deformed body, speed 2, tough skin 3
a: Wall Jump, Serpent's Lash, Renounce Religion


You were on level 7 of the Dungeon.
You worshipped Wu Jian.
Wu Jian was greatly pleased with you.
You were hungry.

You visited 1 branch of the dungeon, and saw 7 of its levels.
You also visited: Sewer.

You collected 299 gold pieces.

Inventory:

Hand Weapons
 d - a +1 dagger of electrocution
 m - a +10 club
 p - a +0 blowgun
 v - the +4 rapier "Sarcophage" {vamp, rPois Str-5 Dex+7, unknown}
   (You took it off a hobgoblin on level 5 of the Dungeon)

   It inflicts no extra harm, but heals its wielder when it wounds a living foe.
   It affects your strength (-5).
   It affects your dexterity (+7).
   It protects you from poison.
 x - a +0 shortbow (weapon)
Missiles
 q - 8 curare-tipped needles
 w - 37 arrows (quivered)
Armour
 n - a +0 helmet (worn)
 u - a +2 robe of cold resistance (worn)
Jewellery
 z - an amulet of magic regeneration (around neck)
Wands
 a - a wand of flame (25)
 o - a wand of digging (15)
 A - a wand of disintegration (7)
Scrolls
 e - 2 scrolls of remove curse
 i - 3 scrolls of identify
 k - a scroll of fear
 l - a scroll of teleportation {unknown}
 t - a scroll of magic mapping {unknown}
 y - a scroll of enchant weapon
 B - a scroll of blinking
Potions
 b - a potion of magic
 f - 5 potions of brilliance
 g - 7 potions of curing
 h - a potion of haste {unknown}
 j - a potion of degeneration {unknown}
 r - 2 potions of might {unknown}
 s - 3 potions of heal wounds
Comestibles
 c - 12 rations


   Skills:
 + Level 8.3 Fighting
 * Level 8.6 Maces & Flails
 * Level 3.7 Bows
 + Level 1.2 Armour
 * Level 4.6 Dodging
 - Level 1.1 Stealth
 - Level 1.5 Spellcasting
 - Level 0.8 Conjurations
 - Level 2.6 Air Magic


You had 6 spell levels left.
You knew the following spells:

 Your Spells              Type           Power        Failure   Level  Hunger
a - Shock                 Conj/Air       #...         12%         1    ##.....
b - Swiftness             Chrm/Air       #.......     22%         2    ###....
c - Static Discharge      Conj/Air       #.......     36%         3    ####...

Your spell library contained the following spells:

 Spells                   Type           Power        Failure   Level  Hunger
 Lightning Bolt           Conj/Air       #.........   98%         5    ######.
 Airstrike                Air            #.........   63%         4    #####..


Dungeon Overview and Level Annotations

Branches:
Dungeon (7/15)
 Temple: D:4-7

Altars:
Elyvilon
Gozag
Hepliaklqana
Kikubaaqudgha
Nemelex Xobeh
Ru
Trog
Vehumet
Wu Jian
Xom
Yredelemnul
The Shining One

Annotations:
D:7 Joseph


Innate Abilities, Weirdness & Mutations

You have hooves in place of feet.
Armour fits poorly on your strangely shaped body.
You cover ground very quickly.
You have extremely tough skin. (AC +3)


Message History

Aim: Joseph, wielding a hunting sling and wearing a leather armour (heavily wounded)
You shoot an arrow. The arrow hits Joseph!
Joseph is severely wounded.
Joseph shoots a sling bullet.
The sling bullet hits you.
* * * LOW HITPOINT WARNING * * *
Firing (i - inventory)
w - 39 arrows (quivered)
Press: ? - help, Shift-Dir - straight line, f/p - Joseph
Aim: Joseph, wielding a hunting sling and wearing a leather armour (severely wounded)
You shoot an arrow. The arrow hits Joseph.
Joseph is severely wounded.
Joseph shouts, "Wow!"
Joseph shoots a sling bullet.
The sling bullet hits you!
* * * LOW HITPOINT WARNING * * *
Firing (i - inventory)
w - 38 arrows (quivered)
Press: ? - help, Shift-Dir - straight line, f/p - Joseph
Aim: Joseph, wielding a hunting sling and wearing a leather armour (severely wounded)
You shoot an arrow. The arrow hits Joseph.
Joseph is severely wounded.
Joseph shoots a sling bullet.
The sling bullet hits you!
You die...

##.........##.# #.###.#
#....# #...(.## ##....#
#.##.## #...###.#####
#o##... #.(.(#....).#
#o##.#.# ##.#(.#####.#
#.##<# !. ...#.## #.# #W##o#
###..#(# #.#
#.##.######..#.######.#####
#..W.......@.#(#(...@W..(.#
#####.#####.##.#(####(###.##
#.# #.##(#.# #.##...# #.#
#.##(#(# ##.#<.... #.#
#.##(#W# #(.@(.... #.#
#.##(#@# #..#..... #[#
#.##.#.# #..#....#
#.#####@##.#(###..#.#.##
#..........#(.).......#


You could see Joseph.

Vanquished Creatures
  The ghost of MisterFreud the Spear-Bearer, a novice MfGl (D:5)
  A hippogriff (D:7)
  Sigmund (D:4)
  The ghost of Autsider the Shooter, an amateur NaHu (D:4)
  A yak (D:6)
  An ice beast (D:4)
  An orc warrior (D:6)
  4 ogres
  2 centaurs
  6 big kobolds
  Blork the orc (D:4)
  4 bullfrogs
  2 scorpions
  A water moccasin skeleton (D:6)
  A howler monkey (D:6)
  2 electric eels (D:4)
  7 crimson imps
  A quasit (D:5)
  7 orc wizards
  An orc priest (D:6)
  3 hounds
  A centaur skeleton (D:5)
  An iguana (D:4)
  Natasha (twice) (D:4)
  9 worker ants
  Robin (D:2)
  3 gnolls (D:7)
  15 adders
  7 river rats
  2 shadow imps (D:5)
  An ooze (D:2)
  An adder skeleton (D:4)
  A worm (D:2)
  5 dart slugs
  6 leopard geckos
  26 orcs
  5 ball pythons
  6 giant cockroaches
  18 goblins
  15 hobgoblins
  10 jackals
  20 kobolds
  2 quokkas
  13 bats
  9 frilled lizards
  A jackal skeleton (D:4)
  A jackal zombie (D:6)
  A leopard gecko skeleton (D:4)
  A quokka zombie (D:5)
  29 rats
261 creatures vanquished.

Notes
Turn   | Place    | Note
-------+----------+-------------------------------------------
     0 | D:1      | inmateoo the Centaur Air Elementalist began the quest for the Orb.
     0 | D:1      | Reached XP level 1. HP: 14/14 MP: 3/3
    32 | D:1      | Reached skill level 1 in Fighting
    54 | D:1      | Reached XP level 2. HP: 10/24 MP: 0/4
   765 | D:1      | Reached XP level 3. HP: 30/30 MP: 5/5
  1625 | D:2      | Reached XP level 4. HP: 35/40 MP: 0/6
  2043 | D:3      | Found a sacrificial altar of Ru.
  2045 | D:3      | Found a glowing golden altar of the Shining One.
  2045 | D:3      | Noticed an ice beast
  2131 | D:3      | Found a transporter.
  2143 | D:3      | Reached XP level 5. HP: 34/47 MP: 1/7
  2219 | D:3      | Noticed Robin
  2503 | D:2      | Reached skill level 5 in Fighting
  2509 | D:2      | Killed Robin
  2721 | D:3      | Found a bloodstained altar of Trog.
  2780 | D:3      | Found a faded altar of an unknown god.
  2794 | D:3      | Became a worshipper of the Wu Jian Council
  2794 | D:3      | Reached * piety under Wu Jian
  2847 | D:3      | Found a transporter.
  3246 | D:4      | Noticed an ice beast
  3325 | D:4      | Noticed Autsider's ghost (amateur NaHu)
  3397 | D:3      | Learned a level 2 spell: Swiftness
  3401 | D:3      | Learned a level 3 spell: Static Discharge
  3444 | D:4      | Killed an ice beast
  3444 | D:4      | Reached XP level 6. HP: 49/58 MP: 5/8
  3658 | D:4      | Noticed Sigmund
  3673 | D:4      | Killed Sigmund
  3673 | D:4      | Reached ** piety under Wu Jian
  3673 | D:4      | Reached XP level 7. HP: 24/64 MP: 9/9
  3687 | D:4      | Found a glowing drain.
  3692 | D:4      | You fall through a shaft!
  3692 | D:5      | Entered Level 5 of the Dungeon
  3845 | Sewer    | Entered a sewer
  4308 | Sewer    | Reached skill level 1 in Maces & Flails
  4423 | Sewer    | Reached *** piety under Wu Jian
  5001 | D:4      | Reached XP level 8. HP: 73/73 MP: 10/10
  5012 | D:4      | Killed Autsider's ghost
  5387 | D:4      | Found a transporter.
  5403 | D:4      | Found a transporter.
  5412 | D:4      | Noticed Natasha
  5416 | D:4      | Killed Natasha
  5515 | D:4      | Noticed Natasha
  5848 | D:4      | Killed Natasha
  5905 | D:4      | Noticed Blork the orc
  5917 | D:4      | Killed Blork the orc
  5943 | D:4      | Found an ancient bone altar of Kikubaaqudgha.
  6214 | D:5      | Reached skill level 5 in Maces & Flails
  6675 | D:5      | Found an opulent altar of Gozag.
  6778 | D:5      | Got a steaming rapier {vamp}
  6848 | D:5      | Reached **** piety under Wu Jian
  6848 | D:5      | Reached XP level 9. HP: 80/81 MP: 11/11
  6966 | D:5      | Noticed MisterFreud's ghost (novice MfGl)
  6979 | D:5      | Killed MisterFreud's ghost
  7192 | D:6      | Found a sparkling altar of Nemelex Xobeh.
  7200 | D:6      | Found a hazy altar of Hepliaklqana.
  7201 | D:6      | Found a shimmering altar of Xom.
  7202 | D:6      | Noticed a spectral ugly thing
  7589 | D:6      | Found a radiant altar of Vehumet.
  8098 | D:6      | Reached skill level 1 in Bows
  8456 | D:6      | Found a white marble altar of Elyvilon.
  8509 | D:6      | Found a basalt altar of Yredelemnul.
  9179 | D:7      | Reached skill level 1 in Armour
  9356 | D:7      | Reached XP level 10. HP: 73/88 MP: 12/12
  9380 | D:7      | Noticed Joseph
  9799 | D:7      | Shot with a sling bullet by Joseph

Vault maps used:
D:1:      scummos_arrival_simple_fountains
D:3:      lightli_temple_of_fire, gammafunk_temple_overflow_arena,
          chequers_ecumenical_altar_simple_redux, uniq_robin
D:4:      gammafunk_steamed_eel, lemuel_crystal_altar, first_ration,
          portal_sewer_entry_c, uniq_natasha, uniq_blork_the_orc, uniq_sigmund
D:5:      kennysheep_mini, minmay_temple_entry_from_below_a
D:6:      cheibrodos_barr_body, regret_index_temple_of_mockery,
          kennysheep_ying_yang, lemuel_crystal_altar,
          nemelex_xobeh_ov_fountains_minmay
D:7:      lemuel_bear_cage, serial_shops,
          nicolae_shop_temple_entry_statues_fountains, grunt_livestock,
          uniq_joseph
Sewer:    sewer_minmay_treatment

Skill      XL: |  1  2  3  4  5  6  7  8  9 |
---------------+----------------------------+-----
Fighting       | 1 2 3 4 6 7 8 |  8.3
Dodging        | 2 3 4 |  4.6
Maces & Flails | 3 6 8 |  8.6
Bows           | 3 |  3.7
Armour         | 1 |  1.2
Stealth        | |  1.1
Spellcasting   | |  1.5
Conjurations   | |  0.8
Air Magic      | |  2.6

Action                   |  1- 3 |  4- 6 |  7- 9 | 10-12 || total
-------------------------+-------+-------+-------+-------++-------
Melee: Unarmed           |   107 |       |       |       ||   107
       Kick              |    19 |    23 |    75 |     1 ||   118
       Dagger            |    21 |    91 |       |       ||   112
       Club              |       |    81 |   466 |     2 ||   549
       Shortbow          |       |       |       |     1 ||     1
 Fire: Blowgun           |       |       |     4 |       ||     4
       Shortbow          |       |       |     6 |    40 ||    46
 Cast: Shock             |    28 |    24 |       |       ||    52
Invok: Whirlwind         |       |    24 |    31 |     1 ||    56
       Lunge             |       |     1 |    24 |       ||    25
       Wall Jump         |       |       |    11 |     1 ||    12
Evoke: Wand              |       |       |     3 |       ||     3
  Use: Scroll            |     3 |     2 |     6 |       ||    11
       Potion            |       |       |     1 |       ||     1
 Stab: Sleeping          |       |     1 |       |       ||     1
  Eat: Chunk             |     3 |     5 |    18 |       ||    26
Armor: Robe              |   113 |    73 |   145 |     6 ||   337
       Skin              |       |       |   147 |       ||   147
Dodge: Dodged            |   130 |    97 |   277 |    19 ||   523

Table legend:
 A = Spawn XP
 B = Non-spawn XP
 C = Spawn XP percentage of total XP
 D = Spawn monster count
 E = Non-spawn monster count
 F = Spawn count percentage of total count
 G = Total turns spent on level
                    A         B        C        D         E        F      G
               +---------+---------+-------+---------+---------+-------+---------
         Total |       0 |    5610 |   0.0 |       0 |     261 |   0.0 |  9799
               +---------+---------+-------+---------+---------+-------+---------
           D:1 |       0 |      64 |   0.0 |       0 |      33 |   0.0 |  1297
           D:2 |       0 |     132 |   0.0 |       0 |      24 |   0.0 |  1022
           D:3 |       0 |     128 |   0.0 |       0 |      47 |   0.0 |  1486
           D:4 |       0 |    1308 |   0.0 |       0 |      38 |   0.0 |  1438
           D:5 |       0 |    1103 |   0.0 |       0 |      25 |   0.0 |   813
           D:6 |       0 |    1174 |   0.0 |       0 |      28 |   0.0 |  2048
           D:7 |       0 |    1077 |   0.0 |       0 |      18 |   0.0 |   559
         Sewer |       0 |     624 |   0.0 |       0 |      48 |   0.0 |  1136
               +---------+---------+-------+---------+---------+-------+---------
